 Dungeon Crawl Stone Soup version 0.31.0-11-ge490571c62 (webtiles) character file.

Game seed: 18409854837264063967

46 stipulation the Grave Robber (level 3, -2/16 HPs)
             Began as a Vine Stalker Necromancer on Jan 28, 2024.
             Shot with a sling bullet by a goblin (6 damage)
             ... led by Robin
             ... on level 2 of the Dungeon.
             The game lasted 00:01:46 (1215 turns).

stipulation the Grave Robber (VSNe)                 Turns: 1215, Time: 00:01:46

Health: -2/16      AC:  2    Str: 10    XL:     3   Next: 66%
Magic:  0/8        EV: 12    Int: 17    God:
Gold:   1          SH:  0    Dex: 14    Spells: 7/8 levels left

rFire   . . .        g - +0 short sword
rCold   . . .        (no shield)
rNeg    . . .        a - +0 robe
rPois   .            (no helmet)
rElec   .            (no cloak)
rCorr   .            (no gloves)
SInv    .            (no boots)
Will    .....        (no amulet)
Stlth   ++           (no ring)
HPRegen 1.02/turn    (no ring)
MPRegen 0.11/turn

%: guardian spirit
@: no status effects
A: fangs 2, regeneration 1, magic shield, antimagic bite, no potion heal 2
a: no special abilities


You were on level 2 of the Dungeon.
You visited 1 branch of the dungeon, and saw 2 of its levels.

You collected 67 gold pieces.
You spent 66 gold pieces at shops.

Inventory:

Hand Weapons
 g - a +0 short sword (weapon)
Armour
 a - a +0 robe (worn)
Jewellery
 c - a ring of ice
Scrolls
 e - a scroll of identify {unknown}
 j - 2 scrolls of teleportation
Potions
 b - a potion of magic
 d - a potion of heal wounds {unknown}
 f - 2 potions of brilliance {unknown}
 h - a potion of curing
 i - a potion of might {unknown}


   Skills:
 - Level 1.5 Dodging
 - Level 2.4 Stealth
 + Level 3.2 Spellcasting
 + Level 4.6 Necromancy


You had 7 spell levels left.
You knew the following spells:

 Your Spells              Type           Power      Damage    Failure   Level
a - Necrotise             Necr           72%        1d7       2%          1

Your spell library contained the following spells:

 Spells                   Type           Power      Damage    Failure   Level
 Vampiric Draining        Necr           18%        2d7       8%          3
 Animate Dead             Necr           18%        N/A       26%         4
 Curse of Agony           Necr           18%        N/A       56%         5


Dungeon Overview and Level Annotations

Branches:
Dungeon (2/15)

Altars:

Shops:
D:1 ?:

Annotations:
D:2 Robin


Innate Abilities, Weirdness & Mutations

You have extremely sharp teeth.
Your natural rate of healing is unusually fast.
When hurt, damage is shared between your health and your magic reserves.
Your bite disrupts and absorbs the magic of your enemies.
Potions cannot restore your health.


Message History

Aim: an adder (lightly wounded, chance to affect: 83%)
The adder barely resists.
You feel sick. The adder bites you.
* * * LOW HITPOINT WARNING * * *
You are lethally poisoned!
The adder poisons you! Robin throws the goblin at you! The adder bites you.
* * * LOW HITPOINT WARNING * * *
The goblin hits you but does no damage.
It was a potion of curing.
Your system rejects the healing.
You feel better.
Your goblin skeleton closely misses the goblin.
The adder bites you but does no damage. The goblin closely misses you.
You swap places.
The adder bites your goblin skeleton.
Your goblin skeleton closely misses the adder.
The goblin hits you but does no damage.
The adder completely misses your goblin skeleton.
Robin throws the goblin at you!
* * * LOW HITPOINT WARNING * * *
Your goblin skeleton hits the adder but does no damage.
The goblin unwields a +0 club.
The goblin wields a +0 sling.
The goblin shoots a sling bullet.
The sling bullet hits you.
* * * LOW HITPOINT WARNING * * *
Something barely misses your goblin skeleton.
Something completely misses your goblin skeleton.
The goblin misses you.
The goblin shoots a sling bullet.
The sling bullet barely misses you. The goblin attacks as it pursues you!
The goblin completely misses you.
Casting: Necrotise (safe; 2% risk of failure)
Confirm with . or Enter, or press ? or * to list all spells.
Aiming: Necrotise (safe; 2% risk of failure)
Press: ? - help, Shift-Dir - straight line, f/p - adder
Aim: an adder (lightly wounded, ally target, chance to affect: 83%)
The goblin writhes in agony.
You kill the goblin!
The dead are walking!
The adder bites your goblin skeleton.
Your goblin skeleton hits the adder but does no damage.
The adder barely misses your goblin skeleton.
The goblin shoots a sling bullet.
The sling bullet hits you.
* * * LOW HITPOINT WARNING * * *
Your goblin skeleton hits the adder.
The adder bites your goblin skeleton.
The goblin shoots a sling bullet.
The sling bullet hits you.
You die...

#.# #..###.~.~~⌠~~
#.g #.## #.....P.~
#.g #.# #.⌠.#.#.P
#gg## #.# #.~.#.# P
#.gg# #.# #.P.# #
#.#.# #.# #.~.# #
#S####.# .~.P
####.#.ZZ##.####.P~P
........g.)..@.......
..##.####.##.#####...
.. #..#.# #. ##...#
#. ##### .


You could see a goblin (strong, ally target) and 2 friendly goblin skeletons.

Vanquished Creatures
  A gnoll (D:1)
  A dart slug (D:1)
  8 goblins
  5 hobgoblins (D:1)
  3 kobolds (D:1)
  2 quokkas (D:1)
  3 ball pythons (D:1)
  3 bats (D:1)
  A frilled lizard (D:1)
  4 rats (D:1)
31 creatures vanquished.

Vanquished Creatures (collateral kills)
  A frilled lizard (D:1)
1 creature vanquished.

Grand Total: 32 creatures vanquished

Notes
Turn   | Place    | Note
-------+----------+-------------------------------------------
     0 | D:1      | stipulation the Vine Stalker Necromancer began the quest
                  | for the Orb.
     0 | D:1      | Reached XP level 1. HP: 9/9 MP: 4/4
   169 | D:1      | Reached XP level 2. HP: 8/13 MP: 1/6
   239 | D:1      | Found Kohit's Vocational Training.
   667 | D:1      | Reached XP level 3. HP: 16/16 MP: 5/8
  1078 | D:1      | Found Xaiceur's Magic Scroll Boutique.
  1091 | D:1      | Bought a scroll of teleportation for 33 gold pieces
  1091 | D:1      | Bought a scroll of teleportation for 33 gold pieces
  1197 | D:2      | Noticed Robin
  1215 | D:2      | Shot with a sling bullet by a goblin

Illustrated notes

Levels and vault maps discovered:
D:1:      nzn_arrival_settlement, layout_loops_ring, serial_shops, shop,
          nicolae_shop_vocational
D:2:      layout_rooms, shapermc_ecumenical_altar_acropolis,
          uniq_crazy_yiuf_cottage, uniq_terence, uniq_robin

Skill      XL: |  1  2  3 |
---------------+----------+-----
Spellcasting   | 3 |  3.2
Dodging        | |  1.5
Stealth        | |  2.4
Necromancy     | |  4.6

Action                     || total
---------------------------++-------
  Melee: Unarmed           ||    15
         Bite              ||     9
         Short sword       ||    16
         Punch             ||     1
   Cast: Necrotise         ||    51
    Use: Potion            ||     1
 Armour: Robe              ||    38
  Dodge: Dodged            ||    39
